 Dungeon Crawl Stone Soup version 0.28.0-45-g0d030f2227 (webtiles) character file.

Game seed: 15480947431598542484

9 Icepheonix32 the Firebug (level 2, 0/15 HPs)
             Began as a Tengu Fire Elementalist on Apr 16, 2022.
             Slain by a kobold
             ... wielding a +0 short sword
              (1 damage)
             ... on level 1 of the Dungeon.
             The game lasted 00:00:28 (584 turns).

Icepheonix32 the Firebug (Tengu Fire Elementalist)   Turns: 584, Time: 00:00:29

Health: 0/15       AC:  2    Str:  8    XL:     2   Next: 16%
Magic:  5/6        EV: 12    Int: 15    God:
Gold:   35         SH:  0    Dex: 14    Spells: 4/5 levels left

rFire   . . .      SeeInvis .   e - +0 hand axe
rCold   . . .      Faith    .   (no shield)
rNeg    . . .      Spirit   .   a - +0 robe
rPois   .          Reflect  .   (helmet restricted)
rElec   .          Harm     .   (no cloak)
rCorr   .          Rampage  .   (no gloves)
Will    .....                   (boots unavailable)
Stlth   ++........              (no amulet)
HPRegen 0.05/turn               (no ring)
MPRegen 0.10/turn               (no ring)

@: no status effects
A: beak, talons 3
a: no special abilities


You were on level 1 of the Dungeon.
You visited 1 branch of the dungeon, and saw 1 of its levels.

You collected 35 gold pieces.

Inventory:

Hand Weapons
 e - a +0 hand axe (weapon)
Armour
 a - a +0 robe (worn)
Jewellery
 f - a +6 ring of dexterity
Scrolls
 d - a scroll of enchant armour {unknown}
 g - a scroll of magic mapping {unknown}
Potions
 b - a potion of heal wounds {unknown}
 c - a potion of brilliance {unknown}


   Skills:
 + Level 2.3 Dodging
 - Level 2.0 Stealth
 - Level 2.0 Spellcasting
 + Level 1.5 Conjurations
 + Level 3.8 Fire Magic


You had 4 spell levels left.
You knew the following spells:

 Your Spells              Type           Power      Damage    Failure   Level
a - Foxfire               Conj/Fire      36%        2x1d5     8%          1

Your spell library contained the following spells:

 Spells                   Type           Power      Damage    Failure   Level
 Scorch                   Fire           26%        2d6       7%          2
 Conjure Flame            Conj/Fire      9%         6-21      22%         3
 Inner Flame              Hex/Fire       7%         N/A       30%         3
 Flame Wave               Conj/Fire      9%         2d5       58%         4


Dungeon Overview and Level Annotations

Branches:
Dungeon (1/15)

Altars:


Innate Abilities, Weirdness & Mutations

You have a beak for a mouth.
You have claws for feet.


Message History

Your foxfire dissipates! x3
Your foxfire dissipates!
Your foxfire dissipates! x2
g - a scroll labelled VOH VYATSIKUJE
Things that are here:
a +0 short sword; 2 stones A kobold comes into view.
It is wielding a +0 short sword.
The kobold shouts!
The kobold throws a stone.
The stone hits you.
A kobold is nearby!
The kobold misses you.
You conjure some foxfire!
The kobold hits you with a +0 short sword.
You closely miss the kobold.
The foxfire hits the kobold.
The kobold is moderately wounded.
The foxfire hits the kobold.
The kobold is severely wounded.
The kobold hits you with a +0 short sword.
A kobold is nearby!
You are too injured to fight recklessly!
A kobold is nearby!
You are too injured to fight recklessly!
You are too injured to fight recklessly!
You are too injured to fight recklessly!
You are too injured to fight recklessly!
You are too injured to fight recklessly!
You closely miss the kobold.
The kobold is severely wounded.
The kobold hits you with a +0 short sword.
Unknown command.
You hit the kobold but do no damage. You claw the kobold, but do no damage.
The kobold is severely wounded.
The kobold hits you with a +0 short sword.
* * * LOW HITPOINT WARNING * * *
The kobold hits you with a +0 short sword.
* * * LOW HITPOINT WARNING * * *
You completely miss the kobold.
The kobold is severely wounded.
The kobold hits you with a +0 short sword.
You die...

###...#.# ##
#.#...#.# #.#
...#.#...#.# #.##
##.#........ ...# #
..........# #..# #.
#.#.....#.# #..#
#.##.#†....#.# #..#
............)# #K.#
...........#.###@.###
...................$#
#.##..#....#####..###
...........# #..#
..##..#....# #..#
...........# #..#
#.##......... ...#
#.##......#### #.##
#.##.#....# .#


You could see a kobold.

Vanquished Creatures
  An endoplasm (D:1)
  A giant cockroach (D:1)
  A goblin (D:1)
  2 kobolds (D:1)
  A ball python (D:1)
  2 frilled lizards (D:1)
  2 rats (D:1)
10 creatures vanquished.

Vanquished Creatures (others)
  58 foxfires (D:1)
58 creatures vanquished.

Grand Total: 68 creatures vanquished

Notes
Turn   | Place    | Note
-------+----------+-------------------------------------------
     0 | D:1      | Icepheonix32 the Tengu Fire Elementalist began the quest
                  | for the Orb.
     0 | D:1      | Reached XP level 1. HP: 10/10 MP: 4/4
   363 | D:1      | Reached XP level 2. HP: 15/15 MP: 1/6
   584 | D:1      | Slain by a kobold

Illustrated notes

Levels and vault maps discovered:
D:1:      pf_arrival_petrified_forest, layout_basic,
          chequers_ecumenical_altar_twisty, minivault_4

Action                   || total
-------------------------++-------
Melee: Unarmed           ||     1
       Hand axe          ||     6
       Kick              ||     2
 Cast: Foxfire           ||    31
Dodge: Dodged            ||     3
